 Dungeon Crawl Stone Soup version 0.17-a0-1421-g95311d7 (webtiles) character file.

7817 Fizybubbleh the Merchant of Misery (level 11, -7/84 HPs)
             Began as a Mummy Necromancer on June 24, 2015.
             Was a Believer of Kikubaaqudgha.
             Mangled by a blink frog (12 damage)
             ... on level 2 of the Lair of Beasts.
             The game lasted 01:06:54 (15235 turns).

Fizybubbleh the Merchant of Misery (MuNe)          Turns: 15235, Time: 01:06:54

Health: -7/84      AC:  4    Str: 12    XL:     11   Next: 1%
Magic:  2/20       EV: 12    Int: 22    God:    Kikubaaqudgha [**....]
Gold:   640        SH:  0    Dex: 12    Spells: 4 memorised, 10 levels left

rFire  x . .     SeeInvis .     w - +7 rapier "Sotsinn" {pierce, Int+4}
rCold  + + .     Clarity  .     t - +1 robe {rC+}
rNeg   + + +     SustAt   .     (no shield)
rPois  ∞         Gourm    .     (no helmet)
rElec  .         Spirit   .     l - +0 cloak
rCorr  .         Warding  .     (no gloves)
rMut   .         Stasis   .     (no boots)
MR     +....                    (no amulet)
Stlth  ++........               g - ring of wizardry
                                y - ring of wizardry

@: somewhat resistant to hostile enchantments, unstealthy
A: no food or potions, fire vulnerability, cold resistance 1, negative energy
resistance 3, torment resistance, unbreathing
a: Receive Corpses, Renounce Religion


You were on level 2 of the Lair of Beasts.
You worshipped Kikubaaqudgha.
Kikubaaqudgha was pleased with you.
You were not hungry.

You visited 2 branches of the dungeon, and saw 11 of its levels.
You also visited: Ice Cave and Volcano.

You collected 640 gold pieces.

Inventory:

Hand weapons
 c - a +0 club
 f - a +3 mace of protection
 k - a +0 dagger of venom
 w - the +7 rapier "Sotsinn" (weapon) {pierce, Int+4}
   (You found it on level 7 of the Dungeon)

   It inflicts extra damage upon your enemies.
   It affects your intelligence (+4).
 z - a +3 morningstar
 B - a +2 spear
Missiles
 d - 7 poisoned tomahawks (quivered)
 u - 4 curare-tipped needles
Armour
 a - a +0 robe
 j - a +0 leather armour
 l - a +0 cloak (worn)
 o - the +1 robe of Taxtiaki {-Cast +Inv rPois rF+++}
   (You found it on level 6 of the Dungeon)

   It renders you almost immune to fire.
   It protects you from poison.
   It lets you turn invisible.
   It prevents spellcasting.
 t - a +1 robe of cold resistance (worn)
 E - a +0 pair of gloves
Magical staves
 q - an uncursed staff of summoning
Jewellery
 g - a ring of wizardry (right hand)
 i - an uncursed ring of positive energy
 n - an uncursed ring of protection from fire
 y - a ring of wizardry (left hand)
Magical devices
 A - a wand of paralysis (16)
Scrolls
 e - a scroll of random uselessness
 h - a scroll of remove curse
 m - a scroll of teleportation
 p - a scroll of noise
 v - a scroll of magic mapping {unknown}
 x - a scroll of identify
 C - a scroll of recharging {unknown}
 D - a scroll of torment {unknown}
Books
 b - a book of Necromancy

   Spells                             Type                      Level
   a - Pain                           Necromancy                   1
   b - Animate Skeleton               Necromancy                   1
   c - Vampiric Draining              Necromancy                   3
   d - Regeneration                   Charms/Necromancy            3
   e - Animate Dead                   Necromancy                   4
   f - Control Undead                 Necromancy                   4
 r - a book of Frost

   Spells                             Type                      Level
   a - Freeze                         Ice                          1
   b - Throw Frost                    Conjuration/Ice              2
   c - Ozocubu's Armour               Charms/Ice                   3
   d - Throw Icicle                   Conjuration/Ice              4
   e - Summon Ice Beast               Ice/Summoning                4
   f - Condensation Shield            Ice                          4
 s - Kikubaaqudgha's Volume of Dark Secrets
   (Kikubaaqudgha gifted it to you on level 7 of the Dungeon)

   Spells                             Type                      Level
   a - Animate Skeleton               Necromancy                   1
   b - Pain                           Necromancy                   1
   c - Corpse Rot                     Necromancy                   2
   d - Vampiric Draining              Necromancy                   3
   e - Control Undead                 Necromancy                   4


   Skills:
 - Level 7.2 Fighting
 - Level 1.5 Dodging
 - Level 1.5 Stealth
 - Level 6.4 Spellcasting
 + Level 13.8 Necromancy


You had 10 spell levels left.
You knew the following spells:

 Your Spells              Type           Power        Failure   Level  Hunger
a - Pain                  Necr           ####         1%          1    N/A
b - Vampiric Draining     Necr           ######....   1%          3    N/A
c - Control Undead        Necr           ######....   1%          4    N/A
d - Animate Dead          Necr           N/A          1%          4    N/A

Dungeon Overview and Level Annotations

Branches:
Dungeon (8/15)             Temple (0/1) D:6            Lair (3/8) D:8
  Swamp: Lair:3-6    Shoals: Lair:3-6     Snake: Lair:3-6    Spider: Lair:3-6

Altars:
Ashenzari
Cheibriados
Gozag
Kikubaaqudgha
Makhleb
Okawaru
Qazlal
Ru
Sif Muna
Trog
Yredelemnul
Zin
The Shining One

Shops:
D:4 %

Annotations:
D:3 3 exclusions
D:6 exclusion: skeleton, Sigmund
Lair:2 3 exclusions


Innate Abilities, Weirdness & Mutations

You do not eat or drink.
Your flesh is vulnerable to fire.
You are immune to poison.
Your flesh is cold resistant.
You are immune to negative energy.
You are immune to unholy pain and torment.
You can survive without breathing.


Message History

Read which item? (? for menu, Esc to quit)
Okay, then.
The blink frog closely misses you.
The blink frog hits you but does no damage.
The blink frog barely misses you.
Aim: a blink frog (lightly wounded)
You feel life coursing into your body. The blink frog hits you!
* * * LOW HITPOINT WARNING * * *
You take 1 damage, and have 11/84 hp.
You now have 0/20 mp.
The blink frog hits you!
* * * LOW HITPOINT WARNING * * *
You take 7 damage, and have 4/84 hp.
The blink frog hits you.
* * * LOW HITPOINT WARNING * * *
You take 1 damage, and have 3/84 hp.
The blink frog blinks!
The blink frog closely misses you. The blink frog hits you!
You die...
Kikubaaqudgha rasps: "You have failed me!
Welcome... oblivion!"

###.......##.#..........# #P
#........#..#.#.........#### ##
###......######.....#......###.
#....P## #.....##.........
#.....# #PP...#......#...
#.....### ##..........###..
#####.......#####..##..#.##...#..
#P#......#....##..####..##.#P....
#........###P...@## ##.######...
##......###P.P..F# #..P## ##..
#P......P###.....# #....###P..
##.........P...#.### ##..........
#.##..............P###..####.%.P#
#####.#.####...##....#..# #P....
#..### #...#.........## ##..#.
##...# ##..##...#.##..####....
#..## #......#.###...##.....


You could see a blink frog.

Vanquished Creatures
  Erica (Lair:2)
  A komodo dragon (Lair:1)
  3 blink frogs
  3 hippogriffs
  2 humans (D:7)
  4 yaks (Lair:2)
  3 fire bats (Volcano)
  4 water moccasins
  2 orc warriors
  6 porcupines
  A phantom (D:7)
  3 sky beasts
  An ice beast (D:6)
  3 centaurs
  2 crocodiles (Lair:2)
  9 giant frogs
  A water moccasin zombie (D:8)
  A wyvern zombie (D:8)
  2 scorpions (D:5)
  3 killer bees (D:8)
  3 wights (D:8)
  A centaur zombie (D:5)
  A crimson imp (D:8)
  5 lava snakes (Volcano)
  A jelly (D:5)
  A gnoll shaman (D:4)
  3 giant frog skeletons
  2 quasits
  4 orc priests
  2 hounds
  5 iguanas
  2 orc wizards
  10 worker ants
  A mummy (D:5)
  5 adders
  11 gnolls
  15 river rats
  An ooze (D:3)
  2 adder zombies (D:5)
  2 adder skeletons
  2 worms (D:2)
  7 giant geckos
  20 orcs
  10 giant cockroaches
  12 goblins
  15 hobgoblins
  3 jackals (D:4)
  16 kobolds
  A ball python (D:4)
  11 bats
  6 giant newts
  3 hobgoblin zombies (D:5)
  An orc zombie (D:5)
  2 quokkas
  A quokka skeleton (D:4)
  15 rats
257 creatures vanquished.

Vanquished Creatures (collateral kills)
  A spiny frog (Lair:1)
  A centaur (D:8)
  A wight (D:8)
  A quasit (D:8)
  6 river rats (Lair:1)
  A bat (D:8)
  A quokka (D:8)
12 creatures vanquished.

Grand Total: 269 creatures vanquished

Notes
Turn   | Place    | Note
--------------------------------------------------------------
     0 | D:1      | Fizybubbleh the Mummy Necromancer began the quest for the Orb.
     0 | D:1      | Reached XP level 1. HP: 13/13 MP: 3/3
   260 | D:1      | Reached XP level 2. HP: 19/19 MP: 1/5
   977 | D:2      | Reached skill level 5 in Necromancy
   977 | D:2      | Reached XP level 3. HP: 24/24 MP: 3/6
   982 | D:2      | Learned a level 3 spell: Vampiric Draining
  1692 | D:2      | Found a glowing golden altar of the Shining One.
  2118 | D:3      | Reached XP level 4. HP: 30/30 MP: 1/7
  2206 | D:3      | Noticed Sigmund
  2237 | D:3      | Reached skill level 6 in Necromancy
  2330 | D:3      | Reached XP level 5. HP: 26/35 MP: 8/8
  3016 | D:4      | You fall through a shaft!
  3016 | D:5      | Entered Level 5 of the Dungeon
  3035 | D:5      | Found a burning altar of Makhleb.
  3039 | D:5      | Found a glowing silver altar of Zin.
  3039 | D:5      | Noticed an angel
  3039 | D:5      | Noticed a blizzard demon
  3235 | D:5      | Reached skill level 7 in Necromancy
  3361 | D:5      | Reached XP level 6. HP: 41/41 MP: 4/9
  3776 | D:4      | Reached skill level 8 in Necromancy
  4224 | D:4      | Found Zaruschoem's Food Boutique.
  4324 | D:4      | Reached XP level 7. HP: 23/46 MP: 0/10
  4676 | D:4      | Noticed a phantom
  4822 | D:4      | Found a stormy altar of Qazlal.
  4880 | D:5      | Reached skill level 9 in Necromancy
  5095 | D:5      | Found an ancient bone altar of Kikubaaqudgha.
  5135 | D:5      | Became a worshipper of Kikubaaqudgha
  5386 | D:5      | Noticed a sky beast
  5394 | D:5      | Killed a sky beast
  5444 | D:5      | Learned a level 4 spell: Control Undead
  5717 | D:5      | Reached skill level 10 in Necromancy
  5912 | D:5      | Found a bloodstained altar of Trog.
  5919 | D:5      | Found a shattered altar of Ashenzari.
  5921 | D:5      | Found a basalt altar of Yredelemnul.
  5921 | D:5      | Found a sacrificial altar of Ru.
  5925 | D:5      | Found a snail-covered altar of Cheibriados.
  5969 | D:5      | Reached XP level 8. HP: 52/52 MP: 3/11
  6089 | D:6      | Found a staircase to the Ecumenical Temple.
  6144 | D:6      | Got a transparent robe
  6191 | D:6      | Identified the +1 robe of Taxtiaki {-Cast +Inv rPois rF+++} (You found it on level 6 of the Dungeon)
  6737 | D:7      | Found an opulent altar of Gozag.
  7001 | D:7      | Acquired Kikubaaqudgha's first power
  7001 | D:7      | Received a gift from Kikubaaqudgha
  7001 | D:7      | Reached skill level 11 in Necromancy
  7012 | D:7      | Identified Kikubaaqudgha's Volume of Dark Secrets (Kikubaaqudgha gifted it to you on level 7 of the Dungeon)
  7018 | D:7      | Learned a level 4 spell: Animate Dead
  7646 | D:7      | Found an iron altar of Okawaru.
  7752 | D:7      | Reached skill level 5 in Spellcasting
  7870 | D:7      | Reached XP level 9. HP: 57/57 MP: 12/17
  8065 | D:7      | Found a deep blue altar of Sif Muna.
  8241 | D:7      | Got a faintly glowing rapier
  8242 | D:7      | Identified the +7 rapier "Sotsinn" {pierce, Int+4} (You found it on level 7 of the Dungeon)
  8544 | D:8      | Found a staircase to the Lair.
  9894 | D:8      | Reached skill level 12 in Necromancy
 10058 | Lair:1   | Entered Level 1 of the Lair of Beasts
 10185 | Lair:1   | Noticed a komodo dragon
 10197 | Lair:1   | Killed a komodo dragon
 10266 | Lair:1   | Found a frozen archway.
 10271 | IceCv    | Entered an ice cave
 10278 | IceCv    | Noticed an ice devil
 10403 | Lair:1   | Found a dark tunnel.
 10408 | Lair:1   | Noticed a spiny frog
 10427 | Lair:1   | Killed a spiny frog
 10434 | Lair:1   | Acquired Kikubaaqudgha's second power
 10444 | Volcano  | Entered a volcano
 10914 | Volcano  | Reached XP level 10. HP: 54/70 MP: 16/19
 11227 | Volcano  | Noticed a firespitter statue
 11239 | Volcano  | Noticed a firespitter statue
 11404 | Lair:1   | Reached skill level 5 in Fighting
 12221 | Lair:1   | HP: 2/76 [blink frog (4)]
 13194 | Lair:2   | Noticed Erica
 13354 | Lair:3   | Noticed a black mamba
 13442 | Lair:2   | Reached skill level 13 in Necromancy
 14281 | Lair:2   | Killed Erica
 15205 | Lair:2   | Reached XP level 11. HP: 9/84 MP: 0/20
 15225 | Lair:2   | HP: 4/84 [blink frog (7)]
 15235 | Lair:2   | Mangled by a blink frog

Vault maps used:
D:1:      onia_arrival_larder, hangedman_abyss_or_decor_stabs
D:2:      overflow_temple_1_default, serial_forest, infiniplex_forest_join,
          infiniplex_forest_clump_diagonal, infiniplex_forest_fountain,
          infiniplex_forest_clump_large, infiniplex_forest_straight_3,
          infiniplex_forest_lined_corner, infiniplex_forest_clump_long,
          infiniplex_forest_lined_ring
D:3:      uniq_sigmund
D:4:      nicolae_overflow_hidden_temple, serial_shops, shop_coins
D:5:      grunt_temple_overflow_order_and_chaos_2, minitemple,
          kiku_gazebo_garden_becter, first_bread, minmay_mini_ossuary
D:6:      minmay_temple_entry_purple_smoke
D:7:      okawaru_humans, lemuel_crystal_altar, led_sif_pool
D:8:      lair_0_dummy
Lair:1:   portal_ice_cave_entry_pillars_02, nicolae_volcano_entry_lava_flow,
          serial_bayou_pond_c
Lair:2:   uniq_erica
Lair:3:   fungi_pond_lemuel, minivault_24, roderic_carrion_pond,
          grunt_megastairs_4, uniq_sonja
IceCv:    ice_cave_tombish
Volcano:  volcano_grotto

Action                   |  1- 3 |  4- 6 |  7- 9 | 10-12 || total
-------------------------+-------+-------+-------+-------++-------
Melee: Club              |    10 |       |       |       ||    10
       Mace              |     5 |    65 |    67 |       ||   137
       Rapier            |       |       |    21 |    27 ||    48
Throw: Tomahawk          |     1 |       |     3 |     4 ||     8
 Cast: Pain              |    87 |   107 |   265 |   165 ||   624
       Vampiric Draining |       |     4 |    27 |    64 ||    95
       Control Undead    |       |       |     7 |       ||     7
       Animate Dead      |       |       |     4 |       ||     4
  Use: Scroll            |       |     3 |     8 |     4 ||    15
